AoeStats
← andresphones

Arabia

508955613Analyzed
1v1 RM · 7d ago on Sep 24, 2026· 21m 56s· 2 players
Game mode
Random Map
Map size
Tiny (2 player)
Population
200
Speed
Normal
Resources
Standard
Victory
Conquest
Starting age
Dark Age
Ending age
Imperial Age
RankedLock teamsTeams togetherTeam positionsShared explorationLock speedFull tech treeHidden civsTurbo modeCheats
Victory
Defeat
🇨🇴 Magyars · Colombia
937
+15
🇨🇴 Japanese · Colombia
919
-15
Alexcol91
7:31 Loom
10:15 Feudal Age
11:10 Double-Bit Axe
12:23 Man-at-Arms
17:20 Horse Collar
andresphones
7:16 Loom
9:22 Feudal Age
15:45 Double-Bit Axe
19:08 Fletching
19:19 Padded Archer Armor
20:01 Horse Collar
Connection lost

Rejoining the realm…

Still unreachable

The connection could not be restored.

Session expired

The server has moved on; the page needs a fresh start.